Blackhawks vs Sharks

Created - 2 mai 2022 at 08:22

Goals
1 2 3 T
Blackhawks 2 0 0 2
Sharks 2 1 1 4
Shots
1 2 3 T
Blackhawks 8 6 18 32
Sharks 8 12 15 35

1st period

1. Sharks , Sidney Crosby 1 (Jonathan Huberdeau 1, Mark Borowiecki 1) at 4:38
2. Blackhawks , Mikael Backlund 1 (Luke Kunin 1) at 10:04
3. Sharks , Alexander Radulov 1 (Kasperi Kapanen 1, Boone Jenner 1) at 11:49
4. Blackhawks , Tyler Bertuzzi 1 (Mark Stone 1) at 19:07

Penalties :
No Penalty

2nd period

5. Sharks , Alexander Radulov 2 (Justin Braun 1) at 17:55

Penalties :
Alex Pietrangelo (SJS) for Delaying the game (Minor) at 1:04, Alex Pietrangelo (SJS) for Slashing (Minor) at 12:27

3rd period

6. Sharks , Carter Rowney 1 (Boone Jenner 2) at 19:09

Penalties :
Tyler Bertuzzi (CHI) for Holding (Minor) at 0:41, Carson Soucy (CHI) for Cross-checking (Minor) at 19:52

Goalie Stats

Frederik Andersen (CHI), 31 saves from 35 shots - (0,886), L, 0-1-0, 59:37 minutes
Semyon Varlamov (SJS), 30 saves from 32 shots - (0,938), W, 1-0-0, 60:00 minutes

Players Stats for Blackhawks

Player Name              G  A  P  +/- PIM S  H  SB GA TA FO     MP     PP MP  PK MP  
------------------------------------------------------------------------------------
Alex Formenton           0  0  0   0  0   0  1  1  0  1  1/3    15:58   1:35   1:05 
Anton Blidh              0  0  0  -1  0   0  0  0  0  1  0/0     8:21   0:00   0:00 
Brock McGinn             0  0  0   0  0   2  1  0  0  1  0/1    15:09   1:49   0:35 
Carson Soucy             0  0  0  -1  2   2  0  1  1  0  0/0    20:57   1:35   0:56 
Cody Eakin               0  0  0   0  0   2  2  0  0  0  4/9    13:50   0:00   1:05 
Derek Forbort            0  0  0  -1  0   2  4  0  0  1  0/0    19:18   0:00   1:10 
Kevin Hayes              0  0  0   0  0   1  1  1  1  0  2/2    18:23   1:47   0:49 
Luke Kunin               0  1  1   0  0   3  1  1  0  1  0/0    17:13   0:56   0:26 
Mark Stone               0  1  1  -1  0   2  1  0  1  1  0/0    18:48   1:47   0:00 
Matt Benning             0  0  0   1  0   1  3  1  0  0  0/0    18:29   0:03   1:10 
Michael Rasmussen        0  0  0  -1  0   0  0  0  0  1  1/4     8:30   0:00   0:09 
Mikael Backlund          1  0  1  -1  0   4  1  0  0  1  6/22   17:58   1:59   0:03 
Moritz Seider            0  0  0  -2  0   3  0  2  0  0  0/0    20:33   2:20   0:00 
Niko Mikkola             0  0  0  -1  0   2  2  2  1  0  0/0    19:11   0:03   0:56 
Ryan Ellis               0  0  0   0  0   2  1  1  0  3  0/0    19:23   2:20   0:00 
Tyler Benson             0  0  0  -1  0   0  0  0  0  0  0/0     8:21   0:00   0:00 
Tyler Bertuzzi           1  0  1  -1  2   3  1  1  0  0  0/0    18:57   1:49   0:00 
Yanni Gourde             0  0  0   0  0   3  3  0  0  0  10/19  18:33   1:47   0:00 

Players Stats for Sharks

Player Name              G  A  P  +/- PIM S  H  SB GA TA FO     MP     PP MP  PK MP  
------------------------------------------------------------------------------------
Alex Pietrangelo         0  0  0   0  4   1  0  1  1  0  0/0    21:41   1:21   0:00 
Alexander Radulov        2  0  2   1  0   4  1  0  4  0  0/1    15:47   0:15   0:00 
Boone Jenner             0  2  2   2  0   1  4  0  0  0  14/19  17:09   0:42   0:53 
Carter Rowney            1  0  1   1  0   6  1  1  0  1  3/5    10:13   0:00   2:13 
Colton Sceviour          0  0  0   0  0   0  1  0  0  0  0/0     7:13   0:00   0:00 
David Krejci             0  0  0   0  0   1  0  0  0  0  8/14   16:06   1:08   0:00 
Dylan Larkin             0  0  0   0  0   2  1  0  1  0  1/1    15:45   0:52   0:00 
Gabriel Landeskog        0  0  0   0  0   3  2  1  1  0  3/4    17:10   1:09   0:30 
Jason Demers             0  0  0  -1  0   2  3  2  0  1  0/0    22:34   0:45   1:24 
Jonathan Huberdeau       0  1  1   0  0   1  3  0  0  0  0/3    17:25   1:10   0:49 
Justin Braun             0  1  1   4  0   1  0  2  0  0  0/0    25:10   0:00   2:18 
K'Andre Miller           0  0  0  -1  0   1  2  1  0  1  0/0    14:33   0:45   1:58 
Kasperi Kapanen          0  1  1   1  0   2  3  0  0  0  1/1    15:31   0:00   0:00 
Mark Borowiecki          0  1  1   3  0   1  3  1  0  0  0/0    23:56   0:00   2:16 
Michael Raffl            0  0  0   1  0   1  0  0  0  0  0/0     9:06   0:06   1:32 
Shea Theodore            0  0  0  -1  0   2  0  0  1  0  0/0    13:10   1:21   0:00 
Sidney Crosby            1  0  1   0  0   3  3  0  2  1  6/12   15:05   0:00   0:00 
Teuvo Teravainen         0  0  0   0  0   3  0  0  1  0  0/0    18:26   0:56   1:59 

3 Stars

1 - Alexander Radulov (SJS)
2 - Boone Jenner (SJS)
3 - Mark Borowiecki (SJS)

Power Play

Blackhawks - 0 on 2 Attempt(s) - 0,00%
Sharks - 0 on 2 Attempt(s) - 0,00%

Penalty Kill

Blackhawks - 2 on 2 Attempt(s) - 100,00% - Score 0 goal in Penalty Kill
Sharks - 2 on 2 Attempt(s) - 100,00% - Score 0 goal in Penalty Kill

Team Stat

Blackhawks - Hits : 22 - Faceoff Wins : 24 - Blocked Shots : 11 - Penalty Minutes : 4
Sharks - Hits : 27 - Faceoff Wins : 36 - Blocked Shots : 9 - Penalty Minutes : 4

Official

Referees : Robert Hennessey and Trevor Hanson
Linesman : Brian Murphy and Jake Davis

Game Notes

No Game Note

Finance

Level 1 -- Attendance: 6000 (100,00%) -- Ticket Income 600 000 $
Level 2 -- Attendance: 5000 (100,00%) -- Ticket Income 300 000 $
Level 3 -- Attendance: 2000 (100,00%) -- Ticket Income 70 000 $
Level 4 -- Attendance: 4000 (100,00%) -- Ticket Income 80 000 $
Luxury Box -- Attendance: 1000 (100,00%) -- Ticket Income 200 000 $
Game was played at the Wananiche.
Total Attendance: 18000 (100,00%)
Total Ticket Income: 1 250 000 $
Other Income: 612 500 $
Total Income: 1 862 500 $

Blackhawks

5 vs 5 Forward 
   Center                   Left Wing                Right Wing               Time % Phy DF OF 
 1 Yanni Gourde             Tyler Bertuzzi           Mark Stone               34     0   2  3  
 2 Mikael Backlund          Kevin Hayes              Luke Kunin               31     1   2  2  
 3 Cody Eakin               Alex Formenton           Brock McGinn             25     1   3  1  
 4 Michael Rasmussen        Tyler Benson             Anton Blidh              10     2   2  1  

5 vs 5 Defense 
   Defense                  Defense                                           Time % Phy DF OF 
 1 Derek Forbort            Moritz Seider                                     35     1   2  2  
 2 Ryan Ellis               Matt Benning                                      33     1   3  1  
 3 Carson Soucy             Niko Mikkola                                      32     2   2  1  
 4 Moritz Seider            Ryan Ellis                                        0      1   2  2  

PowerPlay Forward 
   Center                   Left Wing                Right Wing               Time % Phy DF OF 
 1 Mikael Backlund          Yanni Gourde             Mark Stone               60     0   0  5  
 2 Kevin Hayes              Tyler Bertuzzi           Brock McGinn             40     0   0  5  

PowerPlay Defense
   Defense                  Defense                                           Time % Phy DF OF 
 1 Moritz Seider            Ryan Ellis                                        70     0   0  5  
 2 Carson Soucy             Alex Formenton                                    30     0   0  5  

Penalty Kill 4 Players Forward 
   Center                   Wing                     Time % Phy DF OF 
 1 Cody Eakin               Alex Formenton           60     1   3  1  
 2 Mikael Backlund          Brock McGinn             40     1   3  1  

Penalty Kill 4 Players Defense
   Defense                  Defense                  Time % Phy DF OF 
 1 Derek Forbort            Matt Benning             60     1   3  1  
 2 Carson Soucy             Niko Mikkola             40     1   3  1  

Penalty Kill - 3 Players Forward 
   Forward                                           Time % Phy DF OF 
 1 Cody Eakin                                        60     1   3  1  
 2 Mikael Backlund                                   40     1   3  1  

Penalty Kill - 3 Players Defense
   Defense                  Defense                  Time % Phy DF OF 
 1 Niko Mikkola             Matt Benning             60     1   3  1  
 2 Derek Forbort            Carson Soucy             40     1   3  1  

4 vs 4 Forward 
   Center                   Wing                     Time % Phy DF OF 
 1 Mikael Backlund          Mark Stone               60     1   2  2  
 2 Yanni Gourde             Tyler Bertuzzi           40     1   2  2  

4 vs 4 Defense
   Defense                  Defense                  Time % Phy DF OF 
 1 Carson Soucy             Ryan Ellis               60     1   2  2  
 2 Derek Forbort            Moritz Seider            40     1   2  2  

Last Minutes Offensive
   Center                   Left Wing                Right Wing               Defense                  Defense                  
   Mikael Backlund          Tyler Bertuzzi           Mark Stone               Ryan Ellis               Moritz Seider            

Last Minutes Defensive
   Center                   Left Wing                Right Wing               Defense                  Defense                  
   Cody Eakin               Brock McGinn             Yanni Gourde             Matt Benning             Derek Forbort            

Goaltenders
Starting : Frederik Andersen        
Backup : David Rittich            

Extra Forwards
Normal : Mark Stone, Yanni Gourde, Tyler Bertuzzi - PP : Tyler Bertuzzi, Kevin Hayes - PK : Brock McGinn
Extra Defensemen
Normal : Ryan Ellis, Moritz Seider, Carson Soucy - PP : Moritz Seider - PK : Derek Forbort, Matt Benning
Penalty Shots
Brock McGinn, Kevin Hayes, Ryan Ellis, Tyler Benson, Tyler Bertuzzi
Custom OT Lines Forwards
Mark Stone, Mikael Backlund, Yanni Gourde, Tyler Bertuzzi, Kevin Hayes, Luke Kunin, Alex Formenton, Brock McGinn, Cody Eakin, Michael Rasmussen
Custom OT Lines Defensemen
Moritz Seider, Ryan Ellis, Derek Forbort, Carson Soucy, Matt Benning

Scratches
None

Sharks

5 vs 5 Forward 
   Center                   Left Wing                Right Wing               Time % Phy DF OF 
 1 Sidney Crosby            Dylan Larkin             Jonathan Huberdeau       31     0   1  4  
 2 David Krejci             Gabriel Landeskog        Teuvo Teravainen         31     0   1  4  
 3 Boone Jenner             Alexander Radulov        Kasperi Kapanen          30     0   2  3  
 4 Carter Rowney            Michael Raffl            Colton Sceviour          8      0   3  2  

5 vs 5 Defense 
   Defense                  Defense                                           Time % Phy DF OF 
 1 Alex Pietrangelo         Jason Demers                                      38     0   2  3  
 2 Justin Braun             Mark Borowiecki                                   37     0   2  3  
 3 Shea Theodore            K'Andre Miller                                    19     0   2  3  
 4 Justin Braun             Jason Demers                                      6      0   3  2  

PowerPlay Forward 
   Center                   Left Wing                Right Wing               Time % Phy DF OF 
 1 Gabriel Landeskog        David Krejci             Jonathan Huberdeau       55     0   0  5  
 2 David Krejci             Gabriel Landeskog        Teuvo Teravainen         45     0   0  5  

PowerPlay Defense
   Defense                  Defense                                           Time % Phy DF OF 
 1 Alex Pietrangelo         Shea Theodore                                     55     0   1  4  
 2 Jason Demers             K'Andre Miller                                    45     0   1  4  

Penalty Kill 4 Players Forward 
   Center                   Wing                     Time % Phy DF OF 
 1 Carter Rowney            Teuvo Teravainen         60     0   4  1  
 2 Boone Jenner             Michael Raffl            40     0   4  1  

Penalty Kill 4 Players Defense
   Defense                  Defense                  Time % Phy DF OF 
 1 Justin Braun             Alex Pietrangelo         60     0   4  1  
 2 Mark Borowiecki          K'Andre Miller           40     0   4  1  

Penalty Kill - 3 Players Forward 
   Forward                                           Time % Phy DF OF 
 1 Carter Rowney                                     60     0   5  0  
 2 Boone Jenner                                      40     0   5  0  

Penalty Kill - 3 Players Defense
   Defense                  Defense                  Time % Phy DF OF 
 1 Justin Braun             Alex Pietrangelo         60     0   5  0  
 2 Jason Demers             K'Andre Miller           40     0   5  0  

4 vs 4 Forward 
   Center                   Wing                     Time % Phy DF OF 
 1 Sidney Crosby            Gabriel Landeskog        55     0   2  3  
 2 David Krejci             Dylan Larkin             45     0   2  3  

4 vs 4 Defense
   Defense                  Defense                  Time % Phy DF OF 
 1 Alex Pietrangelo         Shea Theodore            55     0   3  2  
 2 Mark Borowiecki          K'Andre Miller           45     0   3  2  

Last Minutes Offensive
   Center                   Left Wing                Right Wing               Defense                  Defense                  
   Sidney Crosby            Gabriel Landeskog        Jonathan Huberdeau       Alex Pietrangelo         Shea Theodore            

Last Minutes Defensive
   Center                   Left Wing                Right Wing               Defense                  Defense                  
   Boone Jenner             Carter Rowney            Michael Raffl            Justin Braun             Alex Pietrangelo         

Goaltenders
Starting : Semyon Varlamov          
Backup : Darcy Kuemper            

Extra Forwards
Normal : Sidney Crosby, Teuvo Teravainen, Alexander Radulov - PP : David Krejci, Dylan Larkin - PK : Michael Raffl
Extra Defensemen
Normal : Shea Theodore, Mark Borowiecki, Jason Demers - PP : Shea Theodore - PK : Mark Borowiecki, Jason Demers
Penalty Shots
Sidney Crosby, Alexander Radulov, Boone Jenner, Jonathan Huberdeau, Gabriel Landeskog
Custom OT Lines Forwards
Sidney Crosby, Gabriel Landeskog, Jonathan Huberdeau, Dylan Larkin, Boone Jenner, David Krejci, Alexander Radulov, Teuvo Teravainen, Kasperi Kapanen, Colton Sceviour
Custom OT Lines Defensemen
Alex Pietrangelo, Justin Braun, Jason Demers, K'Andre Miller, Shea Theodore

Scratches
Robert Thomas (Healthy), Oliver Wahlstrom (Healthy)

% Time on Ice - Blackhawks

Lines # - Real PCT - Wanted PCT - Time Play
Normal Forward
1 - 31% - 34% - 16:46
2 - 29% - 31% - 15:49
3 - 24% - 25% - 12:45
4 - 16% - 10% - 8:21
Normal Defense
1 - 34% - 35% - 18:26
2 - 33% - 33% - 17:52
3 - 32% - 32% - 17:00
4 - 1% - 0% - 0:23
PP Forward
1 - 54% - 60% - 2:09
2 - 46% - 40% - 1:49
PP Defense
1 - 60% - 70% - 2:23
2 - 40% - 30% - 1:35
PK Forward
1 - 98% - 60% - 2:03
2 - 2% - 40% - 0:03
PK Defense
1 - 56% - 60% - 1:10
2 - 44% - 40% - 0:56
PK3 Forward
1 - 0% - 60%
2 - 0% - 40%
PK3 Defense
1 - 0% - 60%
2 - 0% - 40%
44 Forward
1 - 0% - 60%
2 - 0% - 40%
44 Defense
1 - 0% - 60%
2 - 0% - 40%
Last Minute Offensive  - 0:15
Last Minute Defensive  - 0:00
Total
Forward - 60:00
Defense - 60:00

% Time on Ice - Sharks

Lines # - Real PCT - Wanted PCT - Time Play
Normal Forward
1 - 30% - 31% - 16:00
2 - 28% - 31% - 14:58
3 - 29% - 30% - 15:31
4 - 13% - 8% - 7:13
Normal Defense
1 - 38% - 38% - 20:20
2 - 37% - 37% - 19:45
3 - 22% - 19% - 11:49
4 - 3% - 6% - 1:48
PP Forward
1 - 56% - 55% - 1:10
2 - 44% - 45% - 0:56
PP Defense
1 - 64% - 55% - 1:21
2 - 36% - 45% - 0:45
PK Forward
1 - 78% - 60% - 3:05
2 - 22% - 40% - 0:53
PK Defense
1 - 84% - 60% - 3:19
2 - 16% - 40% - 0:39
PK3 Forward
1 - 0% - 60%
2 - 0% - 40%
PK3 Defense
1 - 0% - 60%
2 - 0% - 40%
44 Forward
1 - 0% - 55%
2 - 0% - 45%
44 Defense
1 - 0% - 55%
2 - 0% - 45%
Last Minute Offensive  - 0:00
Last Minute Defensive  - 0:14
Total
Forward - 60:00
Defense - 60:00

Play-by-Play

1st period


0:01 of 1st period - Yanni Gourde wins face-off versus Sidney Crosby in neutral zone.
0:55 of 1st period - Wrist shot by Brock McGinn.
0:55 of 1st period - Stopped by Semyon Varlamov without a rebound.
0:56 of 1st period - Boone Jenner wins face-off versus Michael Rasmussen in Sharks zone.
1:51 of 1st period - Matt Benning is hit by Sidney Crosby and loses puck.
2:08 of 1st period - Wrist shot by Gabriel Landeskog.
2:08 of 1st period - Shot Misses the Net.
3:20 of 1st period - Dylan Larkin is hit by Matt Benning and loses puck.
3:53 of 1st period - Mark Borowiecki is hit by Derek Forbort and loses puck.
4:04 of 1st period - Snap shot by Sidney Crosby.
4:04 of 1st period - Stopped by Frederik Andersen with a rebound.
4:06 of 1st period - Snap shot by Dylan Larkin.
4:06 of 1st period - Deflect By Niko Mikkola.
4:06 of 1st period - Stopped by Frederik Andersen with a rebound.
4:08 of 1st period - Wrist shot by Dylan Larkin.
4:08 of 1st period - Shot Misses the Net.
4:38 of 1st period - Snap shot by Sidney Crosby.
4:38 of 1st period - Goal by Sidney Crosby - Blackhawks : 0 - Sharks : 1.
4:39 of 1st period - Yanni Gourde wins face-off versus David Krejci in neutral zone.
5:04 of 1st period - Icing by Alex Pietrangelo.
5:05 of 1st period - Mikael Backlund wins face-off versus David Krejci in Sharks zone.
5:14 of 1st period - Wrist shot by Kevin Hayes.
5:14 of 1st period - Shot Misses the Net.
5:16 of 1st period - Slapshot by Derek Forbort.
5:16 of 1st period - Stopped by Semyon Varlamov without a rebound.
5:17 of 1st period - Boone Jenner wins face-off versus Mikael Backlund in Sharks zone.
5:28 of 1st period - Snap shot by Luke Kunin.
5:28 of 1st period - Stopped by Semyon Varlamov with a rebound.
5:34 of 1st period - Ryan Ellis is hit by Alexander Radulov and loses puck.
5:45 of 1st period - Slapshot by Mark Stone.
5:45 of 1st period - Shot Misses the Net.
6:44 of 1st period - Snap shot by Kasperi Kapanen.
6:44 of 1st period - Shot Blocked by Moritz Seider.
6:46 of 1st period - Wrist shot by Boone Jenner.
6:46 of 1st period - Shot Blocked by Moritz Seider.
6:48 of 1st period - Snap shot by Kasperi Kapanen.
6:48 of 1st period - Shot Misses the Net.
6:52 of 1st period - Snap shot by Alexander Radulov.
6:52 of 1st period - Shot Misses the Net.
7:02 of 1st period - Gabriel Landeskog is hit by Alex Formenton and loses puck.
7:22 of 1st period - Carson Soucy is hit by K'Andre Miller and loses puck.
7:58 of 1st period - Slapshot by Carter Rowney.
7:58 of 1st period - Shot Blocked by Niko Mikkola.
8:13 of 1st period - Niko Mikkola is hit by Boone Jenner and loses puck.
8:41 of 1st period - Moritz Seider is hit by Gabriel Landeskog and loses puck.
8:52 of 1st period - Moritz Seider is hit by Sidney Crosby and loses puck.
9:09 of 1st period - Icing by Mark Borowiecki.
9:10 of 1st period - Boone Jenner wins face-off versus Yanni Gourde in Sharks zone.
9:17 of 1st period - Mark Stone is hit by Kasperi Kapanen.
10:04 of 1st period - Slapshot by Mikael Backlund.
10:04 of 1st period - Goal by Mikael Backlund - Blackhawks : 1 - Sharks : 1.
10:05 of 1st period - Yanni Gourde wins face-off versus Boone Jenner in neutral zone.
10:22 of 1st period - Wrist shot by Yanni Gourde.
10:22 of 1st period - Stopped by Semyon Varlamov with a rebound.
10:31 of 1st period - Icing by Alexander Radulov.
10:32 of 1st period - Kevin Hayes wins face-off versus David Krejci in Sharks zone.
10:56 of 1st period - Icing by Ryan Ellis.
10:57 of 1st period - Boone Jenner wins face-off versus Yanni Gourde in Blackhawks zone.
11:18 of 1st period - Kasperi Kapanen is hit by Tyler Bertuzzi and loses puck.
11:25 of 1st period - Wrist shot by Boone Jenner.
11:25 of 1st period - Shot Misses the Net.
11:27 of 1st period - Slapshot by Boone Jenner.
11:27 of 1st period - Deflect By Kasperi Kapanen.
11:27 of 1st period - Shot Misses the Net.
11:27 of 1st period - Puck is out of play.
11:28 of 1st period - David Krejci wins face-off versus Alex Formenton in Blackhawks zone.
11:31 of 1st period - Snap shot by Gabriel Landeskog.
11:31 of 1st period - Shot Misses the Net.
11:33 of 1st period - Slapshot by Alex Pietrangelo.
11:33 of 1st period - Shot Misses the Net.
11:35 of 1st period - Wrist shot by Teuvo Teravainen.
11:35 of 1st period - Stopped by Frederik Andersen without a rebound.
11:36 of 1st period - Gabriel Landeskog wins face-off versus Cody Eakin in Blackhawks zone.
11:39 of 1st period - Slapshot by Gabriel Landeskog.
11:39 of 1st period - Stopped by Frederik Andersen with a rebound.
11:41 of 1st period - Wrist shot by Jason Demers.
11:41 of 1st period - Shot Misses the Net.
11:43 of 1st period - Wrist shot by Gabriel Landeskog.
11:43 of 1st period - Deflect By David Krejci.
11:43 of 1st period - Shot Blocked by Niko Mikkola.
11:43 of 1st period - Puck is out of play.
11:44 of 1st period - Boone Jenner wins face-off versus Mikael Backlund in Blackhawks zone.
11:49 of 1st period - Wrist shot by Alexander Radulov.
11:49 of 1st period - Goal by Alexander Radulov - Blackhawks : 1 - Sharks : 2.
11:50 of 1st period - Cody Eakin wins face-off versus David Krejci in neutral zone.
12:03 of 1st period - Justin Braun is hit by Derek Forbort and loses puck.
12:49 of 1st period - Slapshot by Kasperi Kapanen.
12:49 of 1st period - Stopped by Frederik Andersen without a rebound.
12:50 of 1st period - Cody Eakin wins face-off versus Boone Jenner in Blackhawks zone.
13:15 of 1st period - Wrist shot by Mikael Backlund.
13:15 of 1st period - Shot Misses the Net.
13:17 of 1st period - Slapshot by Matt Benning.
13:17 of 1st period - Stopped by Semyon Varlamov with a rebound.
13:21 of 1st period - Snap shot by Luke Kunin.
13:21 of 1st period - Shot Blocked by Jason Demers.
13:23 of 1st period - Snap shot by Kevin Hayes.
13:23 of 1st period - Shot Blocked by Jason Demers.
13:38 of 1st period - Gabriel Landeskog is hit by Mikael Backlund and loses puck.
13:45 of 1st period - Slapshot by Mikael Backlund.
13:45 of 1st period - Stopped by Semyon Varlamov without a rebound.
13:46 of 1st period - Sidney Crosby wins face-off versus Yanni Gourde in Sharks zone.
13:51 of 1st period - Derek Forbort is hit by Sidney Crosby and loses puck.
14:24 of 1st period - Snap shot by Dylan Larkin.
14:24 of 1st period - Stopped by Frederik Andersen without a rebound.
14:25 of 1st period - Boone Jenner wins face-off versus Cody Eakin in Blackhawks zone.
14:40 of 1st period - Wrist shot by Alexander Radulov.
14:40 of 1st period - Shot Blocked by Carson Soucy.
15:15 of 1st period - Carter Rowney is hit by Luke Kunin.
18:44 of 1st period - Carson Soucy is hit by Kasperi Kapanen and loses puck.
19:00 of 1st period - Alex Pietrangelo is hit by Matt Benning and loses puck.
19:07 of 1st period - Snap shot by Tyler Bertuzzi.
19:07 of 1st period - Goal by Tyler Bertuzzi - Blackhawks : 2 - Sharks : 2.
19:08 of 1st period - Boone Jenner wins face-off versus Mikael Backlund in neutral zone.
Goals for this period are 2 for Blackhawks vs 2 for Sharks.
Shots for this period are 8 for Blackhawks vs 8 for Sharks.

2nd period


0:01 of 2nd period - Sidney Crosby wins face-off versus Mikael Backlund in neutral zone.
0:43 of 2nd period - Teuvo Teravainen is hit by Ryan Ellis and loses puck.
1:02 of 2nd period - Snap shot by Tyler Bertuzzi.
1:02 of 2nd period - Shot Misses the Net.
1:04 of 2nd period - Minor Penalty to Alex Pietrangelo for Delaying the game.
1:05 of 2nd period - Kevin Hayes wins face-off versus Carter Rowney in Sharks zone.
1:14 of 2nd period - Wrist shot by Kevin Hayes.
1:14 of 2nd period - Shot Blocked by Carter Rowney.
2:31 of 2nd period - Icing by Alex Formenton.
2:32 of 2nd period - Mikael Backlund wins face-off versus Jonathan Huberdeau in Blackhawks zone.
2:37 of 2nd period - Wrist shot by Moritz Seider.
2:37 of 2nd period - Stopped by Semyon Varlamov without a rebound.
2:38 of 2nd period - Gabriel Landeskog wins face-off versus Mikael Backlund in Sharks zone.
3:04 of 2nd period - Penalty to Alex Pietrangelo is over, Alex Pietrangelo is back on ice.
3:34 of 2nd period - Snap shot by Alex Pietrangelo.
3:34 of 2nd period - Shot Misses the Net.
3:36 of 2nd period - Slapshot by Mark Borowiecki.
3:36 of 2nd period - Stopped by Frederik Andersen without a rebound.
3:37 of 2nd period - Yanni Gourde wins face-off versus Boone Jenner in Blackhawks zone.
4:03 of 2nd period - Kasperi Kapanen is hit by Derek Forbort and loses puck.
4:12 of 2nd period - Wrist shot by Kasperi Kapanen.
4:12 of 2nd period - Stopped by Frederik Andersen with a rebound.
4:14 of 2nd period - Slapshot by Alex Pietrangelo.
4:14 of 2nd period - Deflect By Alexander Radulov.
4:14 of 2nd period - Stopped by Frederik Andersen without a rebound.
4:15 of 2nd period - Mikael Backlund wins face-off versus Sidney Crosby in Blackhawks zone.
4:15 of 2nd period - Mikael Backlund is hit by Jason Demers.
5:05 of 2nd period - Alex Formenton is hit by Boone Jenner and loses puck.
5:10 of 2nd period - Slapshot by Alexander Radulov.
5:10 of 2nd period - Shot Misses the Net.
5:12 of 2nd period - Slapshot by Shea Theodore.
5:12 of 2nd period - Shot Misses the Net.
5:21 of 2nd period - Off-side.
5:22 of 2nd period - Sidney Crosby wins face-off versus Michael Rasmussen in neutral zone.
6:17 of 2nd period - Snap shot by Alex Formenton.
6:17 of 2nd period - Shot Blocked by Gabriel Landeskog.
6:43 of 2nd period - Off-side.
6:44 of 2nd period - Mikael Backlund wins face-off versus Alexander Radulov in neutral zone.
7:17 of 2nd period - Wrist shot by Carter Rowney.
7:17 of 2nd period - Stopped by Frederik Andersen with a rebound.
7:19 of 2nd period - Wrist shot by Shea Theodore.
7:19 of 2nd period - Stopped by Frederik Andersen with a rebound.
7:56 of 2nd period - Gabriel Landeskog is hit by Cody Eakin.
8:16 of 2nd period - Anton Blidh is hit by Jason Demers and loses puck.
8:45 of 2nd period - Mark Borowiecki is hit by Yanni Gourde and loses puck.
8:56 of 2nd period - Snap shot by Kevin Hayes.
8:56 of 2nd period - Deflect By Mikael Backlund.
8:56 of 2nd period - Stopped by Semyon Varlamov with a rebound.
9:13 of 2nd period - Snap shot by Gabriel Landeskog.
9:13 of 2nd period - Stopped by Frederik Andersen with a rebound.
9:31 of 2nd period - Wrist shot by Tyler Bertuzzi.
9:31 of 2nd period - Shot Misses the Net.
9:43 of 2nd period - Mikael Backlund is hit by Jonathan Huberdeau.
10:09 of 2nd period - Snap shot by Carter Rowney.
10:09 of 2nd period - Stopped by Frederik Andersen without a rebound.
10:10 of 2nd period - Carter Rowney wins face-off versus Yanni Gourde in Blackhawks zone.
10:23 of 2nd period - Wrist shot by Yanni Gourde.
10:23 of 2nd period - Shot Blocked by K'Andre Miller.
10:38 of 2nd period - Off-side.
10:39 of 2nd period - Boone Jenner wins face-off versus Mikael Backlund in neutral zone.
11:09 of 2nd period - Wrist shot by Jonathan Huberdeau.
11:09 of 2nd period - Shot Blocked by Luke Kunin.
11:21 of 2nd period - Wrist shot by Sidney Crosby.
11:21 of 2nd period - Stopped by Frederik Andersen with a rebound.
11:53 of 2nd period - Carter Rowney is hit by Yanni Gourde and loses puck.
12:27 of 2nd period - Minor Penalty to Alex Pietrangelo for Slashing.
12:28 of 2nd period - Carter Rowney wins face-off versus Mikael Backlund in Sharks zone.
13:20 of 2nd period - Mark Stone is hit by Boone Jenner.
13:48 of 2nd period - Yanni Gourde is hit by Boone Jenner and loses puck.
13:55 of 2nd period - K'Andre Miller is hit by Mark Stone and loses puck.
14:27 of 2nd period - Penalty to Alex Pietrangelo is over, Alex Pietrangelo is back on ice.
14:53 of 2nd period - Snap shot by Gabriel Landeskog.
14:53 of 2nd period - Stopped by Frederik Andersen with a rebound.
15:04 of 2nd period - Icing by Shea Theodore.
15:05 of 2nd period - Kasperi Kapanen wins face-off versus Michael Rasmussen in Sharks zone.
15:18 of 2nd period - Tyler Bertuzzi is hit by Kasperi Kapanen.
15:38 of 2nd period - Backhand shot by Carter Rowney.
15:38 of 2nd period - Stopped by Frederik Andersen without a rebound.
15:39 of 2nd period - Carter Rowney wins face-off versus Cody Eakin in Blackhawks zone.
15:44 of 2nd period - Snap shot by Michael Raffl.
15:44 of 2nd period - Shot Misses the Net.
16:02 of 2nd period - David Krejci is hit by Cody Eakin and loses puck.
16:15 of 2nd period - Cody Eakin is hit by Gabriel Landeskog and loses puck.
16:26 of 2nd period - Wrist shot by Tyler Bertuzzi.
16:26 of 2nd period - Shot Blocked by Justin Braun.
16:28 of 2nd period - Wrist shot by Tyler Bertuzzi.
16:28 of 2nd period - Shot Misses the Net.
16:32 of 2nd period - Wrist shot by Yanni Gourde.
16:32 of 2nd period - Shot Misses the Net.
16:34 of 2nd period - Slapshot by Ryan Ellis.
16:34 of 2nd period - Deflect By Tyler Bertuzzi.
16:34 of 2nd period - Shot Misses the Net.
16:34 of 2nd period - Puck is out of play.
16:35 of 2nd period - Yanni Gourde wins face-off versus Boone Jenner in Sharks zone.
16:44 of 2nd period - Slapshot by Tyler Bertuzzi.
16:44 of 2nd period - Stopped by Semyon Varlamov without a rebound.
16:45 of 2nd period - Yanni Gourde wins face-off versus Boone Jenner in Sharks zone.
16:56 of 2nd period - Wrist shot by Tyler Bertuzzi.
16:56 of 2nd period - Stopped by Semyon Varlamov with a rebound.
17:40 of 2nd period - Moritz Seider is hit by Mark Borowiecki and loses puck.
17:55 of 2nd period - Snap shot by Alexander Radulov.
17:55 of 2nd period - Deflect By Yanni Gourde.
17:55 of 2nd period - Goal by Alexander Radulov - Blackhawks : 2 - Sharks : 3.
17:56 of 2nd period - Mikael Backlund wins face-off versus David Krejci in neutral zone.
18:01 of 2nd period - Wrist shot by Mikael Backlund.
18:01 of 2nd period - Shot Blocked by Alex Pietrangelo.
18:30 of 2nd period - Slapshot by Carson Soucy.
18:30 of 2nd period - Stopped by Semyon Varlamov with a rebound.
18:32 of 2nd period - Backhand shot by Brock McGinn.
18:32 of 2nd period - Shot Misses the Net.
18:34 of 2nd period - Wrist shot by Carson Soucy.
18:34 of 2nd period - Deflect By Jonathan Huberdeau.
18:34 of 2nd period - Stopped by Semyon Varlamov with a rebound.
19:19 of 2nd period - Icing by Niko Mikkola.
19:20 of 2nd period - Boone Jenner wins face-off versus Mikael Backlund in Blackhawks zone.
19:23 of 2nd period - Slapshot by Alexander Radulov.
19:23 of 2nd period - Stopped by Frederik Andersen without a rebound.
19:24 of 2nd period - Boone Jenner wins face-off versus Mikael Backlund in Blackhawks zone.
19:55 of 2nd period - Wrist shot by Gabriel Landeskog.
19:55 of 2nd period - Shot Misses the Net.
Goals for this period are 0 for Blackhawks vs 1 for Sharks.
Shots for this period are 6 for Blackhawks vs 12 for Sharks.

3rd period


0:01 of 3rd period - David Krejci wins face-off versus Mikael Backlund in neutral zone.
0:08 of 3rd period - Snap shot by David Krejci.
0:08 of 3rd period - Stopped by Frederik Andersen without a rebound.
0:09 of 3rd period - David Krejci wins face-off versus Mikael Backlund in Blackhawks zone.
0:18 of 3rd period - Backhand shot by Teuvo Teravainen.
0:18 of 3rd period - Stopped by Frederik Andersen without a rebound.
0:19 of 3rd period - Yanni Gourde wins face-off versus Sidney Crosby in Blackhawks zone.
0:19 of 3rd period - Yanni Gourde is hit by Dylan Larkin.
0:29 of 3rd period - Slapshot by Mark Stone.
0:29 of 3rd period - Shot Blocked by Justin Braun.
0:41 of 3rd period - Minor Penalty to Tyler Bertuzzi for Holding.
0:42 of 3rd period - Gabriel Landeskog wins face-off versus Cody Eakin in Blackhawks zone.
1:33 of 3rd period - Kevin Hayes is hit by Jonathan Huberdeau.
2:41 of 3rd period - Penalty to Tyler Bertuzzi is over, Tyler Bertuzzi is back on ice.
2:51 of 3rd period - Snap shot by Michael Raffl.
2:51 of 3rd period - Stopped by Frederik Andersen with a rebound.
2:53 of 3rd period - Slapshot by Colton Sceviour.
2:53 of 3rd period - Shot Misses the Net.
2:55 of 3rd period - Slapshot by Justin Braun.
2:55 of 3rd period - Deflect By Yanni Gourde.
2:55 of 3rd period - Stopped by Frederik Andersen with a rebound.
3:05 of 3rd period - Carson Soucy is hit by Mark Borowiecki and loses puck.
3:28 of 3rd period - Moritz Seider is hit by Jason Demers and loses puck.
4:40 of 3rd period - Wrist shot by Yanni Gourde.
4:40 of 3rd period - Shot Misses the Net.
4:54 of 3rd period - Snap shot by Carter Rowney.
4:54 of 3rd period - Stopped by Frederik Andersen with a rebound.
5:30 of 3rd period - Icing by Michael Rasmussen.
5:31 of 3rd period - Yanni Gourde wins face-off versus Sidney Crosby in Blackhawks zone.
5:56 of 3rd period - Teuvo Teravainen is hit by Kevin Hayes and loses puck.
6:09 of 3rd period - Gabriel Landeskog is hit by Niko Mikkola and loses puck.
6:52 of 3rd period - Snap shot by Carter Rowney.
6:52 of 3rd period - Shot Misses the Net.
6:54 of 3rd period - Slapshot by Shea Theodore.
6:54 of 3rd period - Shot Blocked by Tyler Bertuzzi.
6:56 of 3rd period - Snap shot by Carter Rowney.
6:56 of 3rd period - Shot Misses the Net.
6:58 of 3rd period - Wrist shot by Carter Rowney.
6:58 of 3rd period - Stopped by Frederik Andersen without a rebound.
6:59 of 3rd period - David Krejci wins face-off versus Mikael Backlund in Blackhawks zone.
7:06 of 3rd period - Wrist shot by Gabriel Landeskog.
7:06 of 3rd period - Shot Misses the Net.
7:12 of 3rd period - Wrist shot by Kevin Hayes.
7:12 of 3rd period - Stopped by Semyon Varlamov without a rebound.
7:13 of 3rd period - Sidney Crosby wins face-off versus Yanni Gourde in Sharks zone.
7:42 of 3rd period - Snap shot by Mark Stone.
7:42 of 3rd period - Shot Misses the Net.
7:44 of 3rd period - Slapshot by Mikael Backlund.
7:44 of 3rd period - Stopped by Semyon Varlamov with a rebound.
7:46 of 3rd period - Wrist shot by Luke Kunin.
7:46 of 3rd period - Shot Misses the Net.
7:48 of 3rd period - Snap shot by Derek Forbort.
7:48 of 3rd period - Stopped by Semyon Varlamov with a rebound.
7:50 of 3rd period - Snap shot by Kevin Hayes.
7:50 of 3rd period - Shot Misses the Net.
7:52 of 3rd period - Slapshot by Moritz Seider.
7:52 of 3rd period - Stopped by Semyon Varlamov with a rebound.
7:54 of 3rd period - Snap shot by Luke Kunin.
7:54 of 3rd period - Stopped by Semyon Varlamov with a rebound.
8:04 of 3rd period - Wrist shot by Alex Pietrangelo.
8:04 of 3rd period - Stopped by Frederik Andersen with a rebound.
8:06 of 3rd period - Slapshot by Jason Demers.
8:06 of 3rd period - Shot Misses the Net.
8:08 of 3rd period - Slapshot by Jason Demers.
8:08 of 3rd period - Stopped by Frederik Andersen with a rebound.
8:10 of 3rd period - Slapshot by Jason Demers.
8:10 of 3rd period - Shot Blocked by Alex Formenton.
8:12 of 3rd period - Slapshot by Alex Pietrangelo.
8:12 of 3rd period - Shot Misses the Net.
8:14 of 3rd period - Wrist shot by Boone Jenner.
8:14 of 3rd period - Stopped by Frederik Andersen without a rebound.
8:15 of 3rd period - Mikael Backlund wins face-off versus Sidney Crosby in Blackhawks zone.
8:15 of 3rd period - Mikael Backlund is hit by Mark Borowiecki.
8:23 of 3rd period - Snap shot by Mikael Backlund.
8:23 of 3rd period - Shot Misses the Net.
8:25 of 3rd period - Slapshot by Carson Soucy.
8:25 of 3rd period - Shot Misses the Net.
8:27 of 3rd period - Backhand shot by Niko Mikkola.
8:27 of 3rd period - Shot Misses the Net.
8:29 of 3rd period - Slapshot by Niko Mikkola.
8:29 of 3rd period - Deflect By Sidney Crosby.
8:29 of 3rd period - Stopped by Semyon Varlamov without a rebound.
8:30 of 3rd period - Yanni Gourde wins face-off versus David Krejci in Sharks zone.
8:35 of 3rd period - Snap shot by Mark Stone.
8:35 of 3rd period - Stopped by Semyon Varlamov with a rebound.
8:37 of 3rd period - Slapshot by Niko Mikkola.
8:37 of 3rd period - Deflect By David Krejci.
8:37 of 3rd period - Stopped by Semyon Varlamov with a rebound.
8:39 of 3rd period - Snap shot by Mark Stone.
8:39 of 3rd period - Shot Misses the Net.
8:41 of 3rd period - Snap shot by Tyler Bertuzzi.
8:41 of 3rd period - Shot Misses the Net.
8:43 of 3rd period - Slapshot by Yanni Gourde.
8:43 of 3rd period - Stopped by Semyon Varlamov with a rebound.
8:45 of 3rd period - Wrist shot by Mark Stone.
8:45 of 3rd period - Stopped by Semyon Varlamov without a rebound.
8:46 of 3rd period - Dylan Larkin wins face-off versus Mikael Backlund in Sharks zone.
9:03 of 3rd period - Carson Soucy is hit by Jonathan Huberdeau and loses puck.
9:17 of 3rd period - Icing by Justin Braun.
9:18 of 3rd period - David Krejci wins face-off versus Cody Eakin in Sharks zone.
9:18 of 3rd period - David Krejci is hit by Brock McGinn.
9:44 of 3rd period - Mark Borowiecki is hit by Derek Forbort.
10:56 of 3rd period - Slapshot by Teuvo Teravainen.
10:56 of 3rd period - Shot Misses the Net.
11:35 of 3rd period - Wrist shot by Yanni Gourde.
11:35 of 3rd period - Stopped by Semyon Varlamov with a rebound.
11:55 of 3rd period - Matt Benning is hit by Carter Rowney.
12:31 of 3rd period - Dylan Larkin is hit by Matt Benning.
12:47 of 3rd period - Wrist shot by Mikael Backlund.
12:47 of 3rd period - Shot Blocked by Mark Borowiecki.
12:49 of 3rd period - Slapshot by Ryan Ellis.
12:49 of 3rd period - Stopped by Semyon Varlamov without a rebound.
12:50 of 3rd period - Boone Jenner wins face-off versus Mikael Backlund in Sharks zone.
13:14 of 3rd period - Slapshot by Moritz Seider.
13:14 of 3rd period - Stopped by Semyon Varlamov without a rebound.
13:15 of 3rd period - David Krejci wins face-off versus Yanni Gourde in Sharks zone.
13:15 of 3rd period - David Krejci is hit by Yanni Gourde.
13:18 of 3rd period - Icing by Gabriel Landeskog.
13:19 of 3rd period - David Krejci wins face-off versus Yanni Gourde in Sharks zone.
13:26 of 3rd period - Wrist shot by Teuvo Teravainen.
13:26 of 3rd period - Stopped by Frederik Andersen with a rebound.
13:28 of 3rd period - Slapshot by K'Andre Miller.
13:28 of 3rd period - Stopped by Frederik Andersen with a rebound.
13:30 of 3rd period - Slapshot by Shea Theodore.
13:30 of 3rd period - Stopped by Frederik Andersen without a rebound.
13:31 of 3rd period - Sidney Crosby wins face-off versus Yanni Gourde in Blackhawks zone.
13:36 of 3rd period - Snap shot by Jonathan Huberdeau.
13:36 of 3rd period - Stopped by Frederik Andersen without a rebound.
13:37 of 3rd period - Yanni Gourde wins face-off versus Jonathan Huberdeau in Blackhawks zone.
14:07 of 3rd period - Icing by Derek Forbort.
14:08 of 3rd period - David Krejci wins face-off versus Mikael Backlund in Blackhawks zone.
14:27 of 3rd period - Off-side.
14:28 of 3rd period - Cody Eakin wins face-off versus Sidney Crosby in neutral zone.
14:37 of 3rd period - Slapshot by Ryan Ellis.
14:37 of 3rd period - Stopped by Semyon Varlamov without a rebound.
14:38 of 3rd period - Sidney Crosby wins face-off versus Brock McGinn in Sharks zone.
15:03 of 3rd period - Wrist shot by Brock McGinn.
15:03 of 3rd period - Stopped by Semyon Varlamov with a rebound.
15:05 of 3rd period - Slapshot by Cody Eakin.
15:05 of 3rd period - Stopped by Semyon Varlamov with a rebound.
15:47 of 3rd period - Wrist shot by Brock McGinn.
15:47 of 3rd period - Shot Misses the Net.
15:49 of 3rd period - Wrist shot by Brock McGinn.
15:49 of 3rd period - Shot Misses the Net.
15:53 of 3rd period - Wrist shot by Cody Eakin.
15:53 of 3rd period - Stopped by Semyon Varlamov without a rebound.
15:54 of 3rd period - Boone Jenner wins face-off versus Yanni Gourde in Sharks zone.
16:19 of 3rd period - Gabriel Landeskog is hit by Niko Mikkola.
16:48 of 3rd period - Icing by Kevin Hayes.
16:49 of 3rd period - Michael Rasmussen wins face-off versus Carter Rowney in Blackhawks zone.
16:49 of 3rd period - Michael Rasmussen is hit by Colton Sceviour.
17:16 of 3rd period - Mark Stone is hit by K'Andre Miller and loses puck.
18:07 of 3rd period - Backhand shot by Kasperi Kapanen.
18:07 of 3rd period - Shot Blocked by Ryan Ellis.
18:09 of 3rd period - Snap shot by Jason Demers.
18:09 of 3rd period - Shot Blocked by Kevin Hayes.
18:11 of 3rd period - Slapshot by Jason Demers.
18:11 of 3rd period - Stopped by Frederik Andersen with a rebound.
18:13 of 3rd period - Wrist shot by Boone Jenner.
18:13 of 3rd period - Deflect By Kasperi Kapanen.
18:13 of 3rd period - Shot Blocked by Matt Benning.
18:13 of 3rd period - Puck is out of play.
18:14 of 3rd period - Cody Eakin wins face-off versus Jonathan Huberdeau in Blackhawks zone.
18:45 of 3rd period - Blackhawks, Frederik Andersen is pulled from the net.
19:07 of 3rd period - Wrist shot by Boone Jenner.
19:07 of 3rd period - Deflect By Tyler Bertuzzi.
19:07 of 3rd period - Shot Misses the Net.
19:07 of 3rd period - Puck is out of play.
19:08 of 3rd period - Dave Tippett call a timeout for Blackhawks.
19:08 of 3rd period - Frederik Andersen from Blackhawks was sent back in the game.
19:08 of 3rd period - Boone Jenner wins face-off versus Mikael Backlund in Blackhawks zone.
19:09 of 3rd period - Snap shot by Carter Rowney.
19:09 of 3rd period - Goal by Carter Rowney - Blackhawks : 2 - Sharks : 4.
19:10 of 3rd period - Boone Jenner wins face-off versus Alex Formenton in neutral zone.
19:44 of 3rd period - Wrist shot by Luke Kunin.
19:44 of 3rd period - Stopped by Semyon Varlamov with a rebound.
19:52 of 3rd period - Minor Penalty to Carson Soucy for Cross-checking.
19:53 of 3rd period - Alex Formenton wins face-off versus Gabriel Landeskog in Blackhawks zone.
Goals for this period are 0 for Blackhawks vs 1 for Sharks.
Shots for this period are 18 for Blackhawks vs 15 for Sharks. Output by the SimonT Hockey Simulator (STHS) for Eric Tremblay - Original Page W3C HTML5 Valid
Hockey Simulator - Hockey Simulation - Hockey Manager